 Dungeon Crawl Stone Soup version 0.17.0-28-g6e173f8 (webtiles) character file.

37 Ijustatesigmund the Magician (level 3, -2/19 HPs)
             Began as a Deep Elf Wizard on Dec 2, 2015.
             Slain by a quokka (4 damage)
             ... on level 1 of the Dungeon.
             The game lasted 00:03:59 (1844 turns).

Ijustatesigmund the Magician (Deep Elf Wizard)      Turns: 1844, Time: 00:04:00

Health: -2/19      AC:  3    Str:  4    XL:     3   Next: 21%
Magic:  0/11       EV: 12    Int: 23    God:
Gold:   93         SH:  0    Dex: 13    Spells: 5 memorised, 1 level left

rFire  . . .     SeeInvis .     e - +1 dagger
rCold  . . .     Clarity  .     a - +0 robe
rNeg   . . .     SustAt   .     (no shield)
rPois  +         Gourm    .     h - +0 helmet
rElec  .         Spirit   .     (no cloak)
rCorr  .         Warding  .     (no gloves)
rMut   .         Stasis   .     (no boots)
MR     .....                    (no amulet)
Stlth  ++........               (no ring)
                                b - ring of poison resistance

@: very slightly contaminated, repel missiles, not resistant to hostile
enchantments, unstealthy
A: no striking features
a: no special abilities


You were on level 1 of the Dungeon.
You were hungry.

You visited 1 branch of the dungeon, and saw 2 of its levels.

You collected 93 gold pieces.

Inventory:

Hand Weapons
 e - a +1 dagger (weapon)
Armour
 a - a +0 robe (worn)
 h - a +0 helmet (worn)
Jewellery
 b - a ring of poison resistance (left hand)
Potions
 f - 3 potions of curing {unknown}
Books
 c - a book of Minor Magic

   Spells                             Type                      Level
   a - Magic Dart                     Conjuration                  1
   b - Blink                          Translocation                2
   c - Call Imp                       Summoning                    2
   d - Repel Missiles                 Charms/Air                   2
   e - Slow                           Hexes                        2
   f - Conjure Flame                  Conjuration/Fire             3
   g - Mephitic Cloud                 Conjuration/Poison/Air       3
Comestibles
 d - a bread ration
 g - a meat ration
 j - a beef jerky


   Skills:
 - Level 2.4 Dodging
 + Level 3.4 Stealth
 + Level 5.2 Spellcasting
 * Level 1.1 Conjurations
   Level 1.1 Summonings
 * Level 1.7 Translocations


You had one spell level left.
You knew the following spells:

 Your Spells              Type           Power        Failure   Level  Hunger
a - Magic Dart            Conj           ##..         10%         1    None
b - Blink                 Tloc           N/A          10%         2    None
c - Repel Missiles        Chrm/Air       #.....       17%         2    None
d - Mephitic Cloud        Conj/Pois/Air  #.......     24%         3    ##.....
e - Conjure Flame         Conj/Fire      #.......     24%         3    ##.....


Dungeon Overview and Level Annotations

Branches:
Dungeon (2/15)

Altars:
The Shining One

Annotations:
D:2 Robin


Message History

Press: ? - help, Shift-Dir - straight line, f/p - quokka
Aim: a quokka (moderately wounded)
The magic dart hits the quokka.
The quokka is heavily wounded.
The quokka misses you.
Casting: Magic Dart
Confirm with . or Enter, or press ? or * to list all spells.
Aiming: Magic Dart
Press: ? - help, Shift-Dir - straight line, f/p - quokka
Aim: a quokka (heavily wounded)
You miscast Magic Dart.
Nothing appears to happen.
The quokka bites you.
* * * LOW HITPOINT WARNING * * *
The quokka closely misses you.
Casting: Magic Dart
Confirm with . or Enter, or press ? or * to list all spells.
You don't have enough magic to cast that spell.
You hit the quokka but do no damage.
The quokka is heavily wounded.
The quokka bites you.
You die...

###### #### #....# #..##
#....# ############
##...####....#
#(..........
#......##...r#
#.##########
##.#........)@# #.# #
###..#..........# #.# #
#...###.........# #.# #
##..##.##..##....#####.#
#
#..##...##.............#
#
..##..#..##......#######
# .##..#.#..##...### #
##..#._.#..###...# #
.##..#.#..##.....# #


You could see a quokka.

Vanquished Creatures
  A gnoll (D:1)
  2 giant geckos (D:1)
  3 hobgoblins (D:1)
  2 bats (D:1)
  4 giant cockroaches
  3 giant newts (D:1)
  7 goblins
  A kobold (D:1)
  2 rats (D:1)
25 creatures vanquished.

Notes
Turn   | Place    | Note
--------------------------------------------------------------
     0 | D:1      | Ijustatesigmund the Deep Elf Wizard began the quest for the Orb.
     0 | D:1      | Reached XP level 1. HP: 10/10 MP: 7/7
   370 | D:1      | Found a glowing golden altar of the Shining One.
   654 | D:1      | Reached XP level 2. HP: 15/15 MP: 5/9
   658 | D:1      | Learned a level 2 spell: Blink
   661 | D:1      | Learned a level 2 spell: Repel Missiles
   807 | D:1      | Reached skill level 5 in Spellcasting
  1494 | D:1      | Reached XP level 3. HP: 19/19 MP: 4/11
  1551 | D:1      | Learned a level 3 spell: Mephitic Cloud
  1555 | D:1      | Learned a level 3 spell: Conjure Flame
  1702 | D:2      | Noticed Robin
  1844 | D:1      | Slain by a quokka

Action                   || total
-------------------------++-------
Melee: Dagger            ||     5
 Cast: Magic Dart        ||    69
       Repel Missiles    ||     1
  Use: Scroll            ||     2
  Eat: Chunk             ||     2
